Unix NetHack Version 5.0.0-0 post-release - last build Jun 10 2026 00:39:30 (3ee93aec679c4c4259841fe613dc97188e26a321,branch:main).

Game began 2026-06-11 14:26:43, ended 2026-06-11 14:39:38.

DaveT, lawful male human Priest

                                                        ---------
                         -----        ----------        |.%=?!(=|
                       ##|...-##      |........|        |.(?.[**|    ------
                      # #..... ##### #|........|       #-.*[?[![|    -....|
                        #|...-########.....*...-########|.%.(!+=|    |....|
                        #|...|#  #   #----------        ---------  ##-....|
                        #|...|#  ######                            # |....|
                       ##-----#                                    # |....|
                       #      #                                   ###.....|
                       #      #                                 ###  ------
                      ##      #                                 ##
                      #       #                ###################
                ------#    ####                #---------------- #
                |....|#    #----------       ###...............|##
                |.....#    #|........|      ## #|..............|#
                ..B@0|     #|........%#######  #|.......<.......#
                |.._.|     #.........|        ##|..............|
                |....|      |.........######### ----------------
                ------      ----------

DaveT the Acolyte            St:10 Dx:11 Co:16 In:11 Wi:18 Ch:10  Lawful
Dlvl:3  $:65 HP:0(44) Pw:62(62) AC:4  Xp:5 T:2368  Burdened

Latest messages:
 The giant bat bites!
 The giant bat bites!
 The giant bat bites!
 The giant bat bites!
 The giant bat bites!
 The giant bat bites!
 The giant bat bites!
 You miss the giant bat.
 The giant bat misses!
 The giant bat bites!
 Are you sure you want to pray? [yn] (n) y
 You begin praying to Ptah.
 You are surrounded by a shimmering light.
 The giant bat starts to attack you, but pulls back.
 The giant bat starts to attack you, but pulls back.
 The giant bat starts to attack you, but pulls back.
 You finish your prayer.
 You feel that Ptah is well-pleased.
 You feel much better.
 The giant bat misses!
 The giant bat misses!
 The giant bat bites!
 You miss the giant bat.
 The giant bat misses!
 The giant bat misses!
 The giant bat misses!
 The giant bat bites!
 You miss the giant bat.
 The giant bat bites!
 The giant bat bites!
 The giant bat bites!
 The giant bat bites!
 The giant bat bites!
 The giant bat bites!
 The giant bat bites!
 The giant bat misses!
 You miss the giant bat.
 The giant bat bites!
 The giant bat bites!
 You hit the giant bat.
 You hit the giant bat!
 The giant bat bites!
 The giant bat bites!
 What do you want to zap? [v or ?*] ?
 In what direction? h
 The magic missile hits the giant bat!
 The giant bat bites!
 You die...
 Do you want your possessions identified? [ynq] (y) y
 Do you want to see your attributes? [ynq] (y) q

Inventory:
 Coins    ('$')
  $ - 65 gold pieces
 Weapons  (')')
  H - 9 blessed +2 darts
  u - 24 +0 darts
  s - 5 +0 daggers
  j - a blessed +0 orcish dagger
  q - a +0 aklys
  a - a blessed +1 mace (weapon in right hand)
 Armor    ('[')
  k - a +0 orcish helm (being worn)
  t - a +0 pair of elven boots
  w - a +0 pair of jumping boots (being worn)
  z - a burnt +0 shield of drain resistance (being worn)
  b - a +0 robe (being worn)
  M - a blessed +0 leather armor (being worn)
 Comestibles  ('%')
  l - 4 food rations
  f - a sprig of wolfsbane
 Potions  ('!')
  K - a potion of speed
  d - 5 potions of holy water
 Rings    ('=')
  r - a ring of stealth (on left hand)
 Wands    ('/')
  v - a wand of magic missile (0:1)
 Tools    ('(')
  p - a blindfold
  A - a credit card
  i - a magic marker (0:22)
  F - a +0 pick-axe
  x - a partly used tallow candle
 Gems/Stones  ('*')
  y - a turquoise stone
  D - a cursed worthless piece of yellow glass

DaveT the Priest's attributes:

Background:
 You were an Acolyte, a level 5 human Priest.
 You were lawful, on a mission for Ptah
 who was opposed by Thoth (neutral) and Anhur (chaotic).
 You were right-handed.
 You were in the Dungeons of Doom, on level 3.
 You entered the dungeon 2368 turns ago.
 You had 186 experience points, 134 more were needed to attain level 6.

Basics:
 You had 0 out of 44 hit points.
 You had all 62 energy points (spell power).
 Your armor class was 4.
 Your wallet contained 65 zorkmids.
 Autopickup was off.

Final Characteristics:
 Your strength was 10 (limit:18/100).
 Your dexterity was 11 (limit:18).
 Your constitution was 16 (limit:18).
 Your intelligence was 11 (limit:18).
 Your wisdom was 18 (limit:18).
 Your charisma was 10 (limit:18).

Final Status:
 You were chained to a heavy iron ball.
 You weren't hungry.
 You were burdened; movement was slightly slowed.
 You were wielding a mace.
 You had basic skill with mace and could have enhanced that.

Final Attributes:
 You were piously aligned.
 You were level-drain resistant.
 You were stealthy.
 You could jump.
 You were guarded.
 Your spell casting was enhanced by wearing a robe.
 You are dead.

Miscellaneous:
 You didn't encounter any bones levels.
 Total elapsed playing time was 12 minutes and 55 seconds.

Major events:
 Turn
    1: DaveT the lawful human Priest entered the dungeon
  391: entered the Gnomish Mines
  415: attained the rank of Acolyte (level 3)
 2368: killed by a giant bat

Spells:
 Name                 Level Category     Fail Retention
 light                  1   clerical       0%   81%-90%
 create monster         2   clerical       0%   81%-90%

Skills:
 Fighting Skills
   bare handed combat [Unskilled]
 Weapon Skills
   club               [Unskilled]
   mace               [Basic]
   morning star       [Unskilled]
   flail              [Unskilled]
   hammer             [Unskilled]
   quarterstaff       [Unskilled]
   polearms           [Unskilled]
   spear              [Unskilled]
   trident            [Unskilled]
   lance              [Unskilled]
   bow                [Unskilled]
   sling              [Unskilled]
   crossbow           [Unskilled]
   dart               [Unskilled]
   shuriken           [Unskilled]
   boomerang          [Unskilled]
   unicorn horn       [Unskilled]
 Spellcasting Skills
   healing spells     [Unskilled]
   divination spells  [Unskilled]
   clerical spells    [Basic]

Voluntary challenges:
 Character rerolling was not enabled.
 You never genocided any monsters.
 You never polymorphed an object.
 You never changed form.
 You used no wishes.
Achievements:
 You entered the Gnomish Mines.
 You attained the rank of Acolyte.
 You entered a shop.

 The Dungeons of Doom: levels 1 to 3
    Level 1:
    Level 2:
       A general store.
       Stairs down to The Gnomish Mines.
    Level 3: <- You were here.
       A general store.
       Final resting place for
          you, killed by a giant bat.
 The Gnomish Mines: levels 3 to 4
    Level 3:
    Level 4:


Vanquished creatures:
  a rock mole
  a gnome leader
  2 dwarves
  2 homunculi
  2 orc zombies
  a wererat
  2 iguanas
  2 acid blobs
  2 giant rats
  a red mold
  9 gnomes
  2 geckos
  4 jackals
  2 goblins
  a sewer rat
  2 grid bugs
  a lichen
  3 kobold zombies
  8 newts
48 creatures vanquished.

No species were genocided or became extinct.

Game over:
                       ----------
                      /          \
                     /    REST    \
                    /      IN      \
                   /     PEACE      \
                  /                  \
                  |      DaveT       |
                  |      65 Au       |
                  |   killed by a    |
                  |    giant bat     |
                  |                  |
                  |                  |
                  |       2026       |
                 *|     *  *  *      | *
        _________)/\\_//(\/(/\)/\//\/|_)_______

Goodbye DaveT the Priest...

You died in The Dungeons of Doom on dungeon level 3 with 993 points,
and 65 pieces of gold, after 2368 moves.
You were level 5 with a maximum of 44 hit points when you died.

